 Dungeon Crawl Stone Soup version 0.30-a0-242-g7bf8e6d787 (webtiles) character file.

Game seed: 15703053913673105548

2573 brknglss the Conjurer (level 9, -14/51 HPs)
             Began as an Octopode Conjurer on Oct 11, 2022.
             Was an Initiate of Vehumet.
             Killed from afar by Maggie (27 damage)
             ... with a bolt of fire
             ... on level 7 of the Dungeon.
             The game lasted 00:26:58 (7882 turns).

brknglss the Conjurer (Octopode Conjurer)           Turns: 7882, Time: 00:26:59

Health: -14/51     AC:  4    Str: 13    XL:     9   Next: 57%
Magic:  2/16       EV: 14    Int: 24    God:    Vehumet [......]
Gold:   182        SH:  7    Dex: 10    Spells: 9/17 levels left

rFire   . . .      SeeInvis +    k - +0 rapier
rCold   . . .      Faith    .    s - +2 buckler {AC+3}
rNeg    . . .      Spirit   .    (helmet restricted)
rPois   .          Reflect  .    (no amulet)
rElec   .          Harm     .    g - +6 ring of strength
rCorr   .          Rampage  .    m - ring of see invisible
Will    .....                    (no ring)
Stlth   ++++......               (no ring)
HPRegen 0.28/turn                (no ring)
MPRegen 0.15/turn                (no ring)
                                 (no ring)
                                 (no ring)

@: about to teleport, mesmerised
A: almost no armour, amphibious, 8 rings, camouflage 1, gelatinous body 1,
(nimble swimmer 1), tentacles
a: Renounce Religion


You were on level 7 of the Dungeon.
You worshipped Vehumet.
Vehumet was noncommittal.
You visited 2 branches of the dungeon, and saw 8 of its levels.

You collected 384 gold pieces.
You spent 202 gold pieces at shops.

Inventory:

Hand Weapons
 k - a +0 rapier (weapon)
Missiles
 c - 5 curare-tipped darts (quivered)
 e - a throwing net
 h - 19 poisoned darts
 u - 4 datura-tipped darts
Armour
 s - a +2 buckler of protection (worn)
Jewellery
 g - a +6 ring of strength (left tentacle)
 m - a ring of see invisible (right tentacle)
Wands
 r - a wand of flame (18)
Scrolls
 b - 7 scrolls of teleportation
 d - 2 scrolls of poison
 l - a scroll of magic mapping {unknown}
 n - 2 scrolls of fog
 p - a scroll of fear {unknown}
 t - a scroll of enchant armour {unknown}
Potions
 a - 2 potions of magic
 f - 3 potions of flight
 i - 2 potions of brilliance
 j - a potion of mutation
 o - 2 potions of lignification
 q - 2 potions of berserk rage
 v - a potion of attraction {unknown}


   Skills:
 + Level 5.5 Dodging
 - Level 5.0 Stealth
 + Level 5.0 Shields
 + Level 4.8 Spellcasting
 + Level 7.9 Conjurations
 * Level 4.9 Fire Magic


You had 9 spell levels left.
You knew the following spells:

 Your Spells              Type           Power      Damage    Failure   Level
a - Magic Dart            Conj           100%       1d8       1%          1
b - Searing Ray           Conj           86%        2d7       1%          2
c - Fireball              Conj/Fire      18%        3d9       22%         5

Your spell library contained the following spells:

 Spells                   Type           Power      Damage    Failure   Level
 Foxfire                  Conj/Fire      100%       2x1d9     1%          1
 Dazzling Flash           Conj/Hex       48%        N/A       7%          3
 Beastly Appendage        Tmut           10%        N/A       12%         1
 Sublimation of Blood     Necr           5%         N/A       17%         2
 Wereblood                Tmut           5%         N/A       17%         2
 Fulminant Prism          Conj/Hex       12%        3d9       22%         4
 Iskenderun's Mystic Bla  Conj/Tloc      24%        2d7       22%         4
 Gell's Gravitas          Tloc           5%         N/A       34%         3
 Lesser Beckoning         Tloc           10%        N/A       34%         3
 Spider Form              Tmut/Pois      5%         N/A       34%         3
 Teleport Other           Tloc           5%         N/A       34%         3
 Olgreb's Toxic Radiance  Pois           5%         N/A       75%         4
 Starburst                Conj/Fire      18%        6d7       77%         6
 Dispersal                Tloc           2%         N/A       100%        6
 Ozocubu's Refrigeration  Ice            2%         4d8       100%        7
 Summon Hydra             Summ           2%         N/A       100%        7
 Ignition                 Fire           14%        3d6       100%        8


Dungeon Overview and Level Annotations

Branches:
Dungeon (7/15)             Temple (1/1) D:7

Altars:
Ashenzari
Fedhas
Gozag
Hepliaklqana
Kikubaaqudgha
Makhleb
Nemelex Xobeh
Okawaru
Qazlal
Ru
Sif Muna
Trog
Vehumet
Xom

Shops:
D:1 [   D:7 *

Annotations:
D:7 Maggie


Innate Abilities, Weirdness & Mutations

You cannot wear most types of armour.
You are amphibious.
You can wear up to eight rings at the same time.
Your skin changes colour to match your surroundings (Stealth+).
Your rubbery body absorbs attacks. (AC +1, EV +1)
((You are camouflaged when in or above water. (Stealth+)))
You have tentacles for arms and can constrict up to eight enemies at once.


Message History

Maggie is moderately wounded. (Press . to maintain the ray.)
A scorpion comes into view.
The searing ray hits Maggie.
Maggie is moderately wounded.
The searing ray hits Maggie.
Maggie is heavily wounded.
Maggie barely misses you.
Aiming: Throw Flame
Press: ? - help, Shift-Dir - straight line, f/p - Maggie
Aim: Maggie, wielding a +1 broad axe of distortion and wearing +0 acid dragon scales (moderately wounded, mesmerising, 68% to hit)
The puff of flame hits Maggie.
Maggie is heavily wounded.
Maggie hits you with a +1 broad axe of distortion.
* * * LOW HITPOINT WARNING * * *
Space warps around you.
* * * LOW HITPOINT WARNING * * *
Casting: Searing Ray (safe; 1% risk of failure)
Confirm with . or Enter, or press ? or * to list all spells.
Aiming: Searing Ray (safe; 1% risk of failure)
Press: ? - help, Shift-Dir - straight line, f/p - Maggie
Aim: Maggie, wielding a +1 broad axe of distortion and wearing +0 acid dragon scales (heavily wounded, mesmerising, 82% to hit)
The searing ray hits Maggie!
Maggie is severely wounded.
The searing ray hits the scorpion!
The scorpion is heavily wounded. (Press . to maintain the ray.) Maggie misses you.
The searing ray misses Maggie.
The searing ray hits the scorpion!
The scorpion is almost dead.
Maggie points at you and mumbles some strange words.
The bolt of fire misses you.
Okay, then.
You cannot move away from Maggie!
As you read the scroll of teleportation, it crumbles to dust.
You feel strangely unstable.
Maggie points at you and mumbles some strange words.
The bolt of fire hits you!!
Ouch! That really hurt!
You die...

########### #.........#
#.#######.# #.#######.#
###.........############
................@@s>...#
.##.........#######.##.#
.##.........#
#.##...y..z@
.##..########
######Y##.#. .....# ..$
.....# ### .....# #....#
#....#


You could see Maggie (mesmerising) and a scorpion.

Vanquished Creatures
  A steam dragon (D:6)
  Menkaure (D:5)
  2 water moccasins
  4 sky beasts
  2 ice beasts
  2 ogres (D:6)
  2 centaurs
  A phantom (D:6)
  2 bullfrogs
  A kobold brigand (D:7)
  A necrophage (D:5)
  A scorpion (D:5)
  5 killer bees (D:7)
  A howler monkey (D:5)
  A hound (D:5)
  An orc priest (D:6)
  A gnoll bouda (D:4)
  Terence (D:3)
  3 iguanas
  Natasha (thrice) (D:2)
  Robin (D:4)
  11 gnolls
  10 adders
  2 shadow imps (D:6)
  A white imp (D:5)
  An ufetubus (D:5)
  2 worms
  5 dart slugs
  6 orcs
  3 bats
  9 endoplasms
  3 giant cockroaches
  9 goblins
  4 hobgoblins
  14 kobolds
  2 quokkas
  10 ball pythons
  4 frilled lizards
  5 rats
  A spectral orc (D:4)
139 creatures vanquished.

Notes
Turn   | Place    | Note
-------+----------+-------------------------------------------
     0 | D:1      | brknglss the Octopode Conjurer began the quest for the Orb.
     0 | D:1      | Reached XP level 1. HP: 11/11 MP: 3/3
   149 | D:1      | Reached XP level 2. HP: 17/17 MP: 3/5
   378 | D:1      | Found Diuco's Antique Armour Shop.
   417 | D:1      | Found a faded altar of an unknown god.
   988 | D:1      | Reached XP level 3. HP: 21/21 MP: 6/6
  1509 | D:2      | Reached XP level 4. HP: 27/27 MP: 7/7
  1739 | D:2      | Noticed Natasha
  1744 | D:2      | Learned a level 2 spell: Searing Ray
  1750 | D:2      | Killed Natasha
  2435 | D:3      | Reached XP level 5. HP: 29/31 MP: 8/8
  2609 | D:3      | Noticed Terence
  2615 | D:3      | Killed Terence
  2616 | D:3      | Reached skill level 5 in Conjurations
  2630 | D:3      | Found an opulent altar of Gozag.
  2630 | D:3      | Found a sparkling altar of Nemelex Xobeh.
  2676 | D:3      | Reached skill level 5 in Stealth
  3343 | D:4      | Reached XP level 6. HP: 36/36 MP: 10/10
  3912 | D:2      | Noticed Natasha
  3917 | D:2      | Killed Natasha
  4041 | D:2      | Noticed Natasha
  4058 | D:2      | Killed Natasha
  4094 | D:1      | Bought a shiny buckler for 202 gold pieces
  4499 | D:4      | Noticed Robin
  4514 | D:4      | Killed Robin
  4515 | D:4      | Reached skill level 6 in Conjurations
  4668 | D:4      | Found an ancient bone altar of Kikubaaqudgha.
  4669 | D:4      | Found a shimmering altar of Xom.
  4699 | D:4      | Found a hazy altar of Hepliaklqana.
  4802 | D:5      | Entered Level 5 of the Dungeon
  4874 | D:5      | Reached XP level 7. HP: 37/41 MP: 12/12
  4874 | D:5      | Found a stormy altar of Qazlal.
  4874 | D:5      | Found an iron altar of Okawaru.
  4912 | D:5      | Noticed Menkaure
  4919 | D:5      | Killed Menkaure
  4920 | D:5      | Reached skill level 1 in Shields
  5608 | D:5      | Found a broken altar of Ashenzari.
  5698 | D:5      | Reached XP level 8. HP: 46/46 MP: 8/13
  6105 | D:5      | Learned a level 5 spell: Fireball
  6442 | D:5      | Reached skill level 7 in Conjurations
  6442 | D:5      | Reached skill level 1 in Fire Magic
  7085 | D:6      | Reached skill level 5 in Dodging
  7085 | D:6      | Reached XP level 9. HP: 11/51 MP: 1/15
  7647 | D:7      | Found a staircase to the Ecumenical Temple.
  7652 | Temple   | Entered the Ecumenical Temple
  7657 | Temple   | Became a worshipper of Vehumet
  7679 | D:7      | Found Uporewn's Neck Hole.
  7862 | D:7      | Noticed Maggie
  7875 | D:7      | Reached skill level 5 in Shields
  7882 | D:7      | Killed from afar by Maggie

Illustrated notes

Levels and vault maps discovered:
D:1:      grunt_arrival_crossed_arrows, layout_basic, serial_shops,
          nicolae_shop_statue_plus, hellmonk_ecumenical_altar_run_dry,
          minmay_tetromino_t2
D:2:      layout_basic, dk_noncrumbling_3, st_stairs_11, roderic_roman_lattice,
          kennysheep_generic_room_13, uniq_natasha
D:3:      layout_basic, grunt_temple_overflow_opulence, uniq_terence
D:4:      layout_loops_ring, nicolae_hepliaklqana_monster_ancestors,
          gammafunk_temple_overflow_statue, uniq_robin
D:5:      layout_gridville, nicolae_overflow_hidden_temple, uniq_menkaure
D:6:      layout_loops_ring
D:7:      layout_basic, temple_doors_e, hex_intersection,
          nicolae_shop_sticking_my_neck_out, uniq_crazy_yiuf_cottage,
          uniq_maggie
Temple:   nicolae_temple_ecumenical_triangle

Skill      XL: |  1  2  3  4  5  6  7  8  9 |
---------------+----------------------------+-----
Stealth        | 3 4 5 |  5.0
Conjurations   | 5 6 7 |  7.9
Dodging        | 3 4 5 |  5.5
Spellcasting   | 3 4 |  4.8
Shields        | 2 4 5 |  5.0
Fire Magic     | 3 4 |  4.9

Action                   |  1- 3 |  4- 6 |  7- 9 || total
-------------------------+-------+-------+-------++-------
Melee: Short sword       |    26 |     3 |       ||    29
       Constrict         |     2 |     6 |     5 ||    13
       Tentacles         |     1 |     8 |     5 ||    14
       Rapier            |       |    34 |    30 ||    64
       Punch             |       |     1 |       ||     1
Throw: Dart              |       |     2 |       ||     2
 Cast: Magic Dart        |    43 |    48 |    39 ||   130
       Searing Ray       |       |    12 |    29 ||    41
Evoke: Wand              |       |       |     6 ||     6
  Use: Scroll            |       |     6 |     7 ||    13
 Stab: Sleeping          |     7 |     5 |     1 ||    13
Armor: Skin              |     1 |     5 |    26 ||    32
Dodge: Dodged            |    28 |    33 |    61 ||   122
Block: Buckler           |       |     4 |    28 ||    32

Table legend: (Time is in decaauts)
 A = Elapsed time spent in this place.
 B = Non-inter-level travel time spent in this place.
 C = Inter-level travel time spent in this place.
 D = Time resting spent in this place.
 E = Time spent auto-exploring this place.
 F = Levels seen in this place.
 G = Mean time per level.
                   A        B        C        D        E       F      G
               +--------+--------+--------+--------+--------+-----+--------+
         Total |   7904 |   7436 |    468 |   2693 |   3231 |   8 |  988.0 |
       Dungeon |   7893 |   7430 |    463 |   2693 |   3231 |   7 | 1127.6 |
        Temple |     10 |      5 |      5 |      0 |      0 |   1 |   10.0 |
               +--------+--------+--------+--------+--------+-----+--------+

Top non-repeatable levels by time:
     D:2: 1656 daAuts
     D:5: 1410 daAuts
     D:4: 1207 daAuts
     D:1: 1173 daAuts
     D:6: 1164 daAuts
     D:3: 780 daAuts
     D:7: 500 daAuts
  Temple: 10 daAuts
